 Dungeon Crawl Stone Soup version 0.29.1-4-g47bece8355 (webtiles) character file.

Game seed: 16679149315592505942

102 GorkyZ the Trooper (level 4, 0/29 HPs)
             Began as a Gargoyle Monk on Dec 3, 2022.
             Killed from afar by Natasha (6 damage)
             ... with a magic dart
             ... on level 3 of the Dungeon.
             The game lasted 00:04:56 (3088 turns).

GorkyZ the Trooper (Gargoyle Monk)                  Turns: 3088, Time: 00:04:56

Health: 0/29       AC:  5    Str: 16    XL:     4   Next: 77%
Magic:  4/4        EV: 12    Int: 11    God:
Gold:   140        SH:  0    Dex: 12    Spells: 3/3 levels left

rFire   . . .      SeeInvis .   d - +2 short sword (drain)
rCold   . . .      Faith    .   (no shield)
rNeg    + . .      Spirit   .   b - +0 robe
rPois   ∞          Reflect  .   (no helmet)
rElec   +          Harm     .   (no cloak)
rCorr   .          Rampage  .   (no gloves)
Will    .....                   (no boots)
Stlth   ++........              (no amulet)
HPRegen 0.09/turn               (no ring)
MPRegen 0.09/turn               (no ring)

@: slowed, very slow
A: sickness immunity, AC +3, negative energy resistance 1, electricity
resistance, torment resistance 1, petrification resistance
a: no special abilities


You were on level 3 of the Dungeon.
You visited 1 branch of the dungeon, and saw 3 of its levels.

You collected 140 gold pieces.

Inventory:

Hand Weapons
 a - a +0 mace
 d - a +2 short sword of draining (weapon)
Missiles
 e - 2 poisoned darts (quivered)
 k - 6 atropa-tipped darts
Armour
 b - a +0 robe (worn)
Jewellery
 g - a ring of ice
Potions
 c - 2 potions of ambrosia
 f - 2 potions of mutation
 j - a potion of magic


   Skills:
 + Level 3.8 Fighting
 + Level 3.4 Maces & Flails
 + Level 1.2 Throwing
 + Level 1.7 Armour
 + Level 2.8 Dodging
 - Level 2.1 Stealth
 + Level 1.3 Evocations


You had 3 spell levels left.
You didn't know any spells.
Your spell library contained the following spells:

 Spells                   Type           Power      Damage    Failure   Level
 Blink                    Tloc           0%         N/A       47%         2
 Lesser Beckoning         Tloc           0%         N/A       71%         3
 Manifold Assault         Tloc           0%         N/A       100%        5


Dungeon Overview and Level Annotations

Branches:
Dungeon (3/15)

Altars:
The Shining One

Annotations:
D:3 Natasha


Innate Abilities, Weirdness & Mutations

You are immune to sickness and miasma.
Your stone body is resilient. (AC +3)
You are immune to poison.
You resist negative energy. (rN+)
You are resistant to electric shocks. (rElec)
You are resistant to unholy torment.
You are immune to petrification.


Message History

You closely miss the crimson imp.
The crimson imp is moderately wounded.
The frilled lizard bites you but does no damage.
The crimson imp blinks!
The orc zombie hits you but does no damage.
Natasha wildly gestures.
Natasha's front paws start to glow.
Natasha stares at you and mumbles some strange words.
You feel yourself slow down. The frilled lizard barely misses you.
You puncture the orc zombie!
The orc zombie is severely damaged.
The orc zombie closely misses you.
The frilled lizard bites you but does no damage.
A goblin zombie comes into view.
The frilled lizard closely misses you.
The frilled lizard attacks as you move away!
The frilled lizard barely misses you.
Natasha extends her claws.
The orc zombie closely misses you. Natasha claws you but does no damage.
Natasha attacks as you move away! Natasha closely misses you.
Natasha wildly gestures.
Natasha's front paws start to glow.
Natasha closely misses you. Natasha attacks as you move away!
Natasha misses you.
The crimson imp blinks!
Natasha claws you. Natasha attacks as you move away! Natasha barely misses you.
Natasha growls.
Natasha casts a spell at you. The magic dart hits you.
Natasha stares at you and mumbles some strange words.
The magic dart hits you!
The crimson imp blinks!
Natasha casts a spell at you.
You feel as though you will be slow longer.
Natasha claws you.
* * * LOW HITPOINT WARNING * * *
Natasha stares at you and mumbles some strange words.
The magic dart hits you.
You die...

#.# #.# #.# #.# #.#
#†#### #<. #....#
#. ####.# #.# #.#
####5####### #
#####Z5ZJlh@...#
#.##.....Z#Z#####.#
..........#.# #
............#
#..##§..##Z# .
#..Z...#
.Z#.......#
...#..Z.###.#
.._..'...## .#


You could see Natasha, a crimson imp, a white imp (summoned), a goblin zombie, 2
kobold zombies, an orc zombie, an endoplasm and a frilled lizard.

Vanquished Creatures
  Natasha (D:3)
  3 adders (D:2)
  A dart slug (D:1)
  An orc (D:3)
  7 ball pythons
  7 bats
  3 endoplasms
  A giant cockroach (D:1)
  3 goblins
  3 hobgoblins
  2 jackals (D:1)
  2 quokkas
  2 frilled lizards
  3 hobgoblin zombies (D:3)
  4 kobolds
  2 kobold zombies (D:3)
  7 rats
52 creatures vanquished.

Notes
Turn   | Place    | Note
-------+----------+-------------------------------------------
     0 | D:1      | GorkyZ the Gargoyle Monk began the quest for the Orb.
     0 | D:1      | Reached XP level 1. HP: 14/14 MP: 1/1
   614 | D:1      | Reached XP level 2. HP: 10/19 MP: 2/2
  1033 | D:1      | Reached skill level 1 in Armour
  1384 | D:1      | Reached XP level 3. HP: 23/23 MP: 3/3
  1681 | D:2      | Reached skill level 1 in Evocations
  2372 | D:2      | Reached skill level 1 in Throwing
  2372 | D:2      | Reached XP level 4. HP: 29/29 MP: 4/4
  2680 | D:3      | Noticed Natasha
  2685 | D:3      | Killed Natasha
  3058 | D:3      | Found a glowing golden altar of the Shining One.
  3073 | D:3      | Noticed Natasha
  3088 | D:3      | Killed from afar by Natasha

Illustrated notes

Levels and vault maps discovered:
D:1:      sevenhm_arrival_forest_fort_small_3, layout_basic
D:2:      layout_basic
D:3:      layout_loops_ring, nicolae_tso_besieged_by_evil, minmay_cut_off,
          uniq_natasha

Skill      XL: |  1  2  3 |
---------------+----------+-----
Armour         | 1 |  1.7
Evocations     | 1 |  1.3
Throwing       | 1 |  1.2
Fighting       | |  3.8
Maces & Flails | |  3.4
Dodging        | |  2.8
Stealth        | |  2.1

Action                   |  1- 3 |  4- 6 || total
-------------------------+-------+-------++-------
Melee: Mace              |   132 |       ||   132
       Punch             |     3 |       ||     3
       Short sword       |     9 |    50 ||    59
  Use: Scroll            |     3 |     6 ||     9
 Stab: Sleeping          |     1 |     3 ||     4
Armor: Robe              |    58 |    30 ||    88
Dodge: Dodged            |   116 |    33 ||   149
